 Dungeon Crawl Stone Soup version 0.24-a0-525-g9231cdcba1 (webtiles) character file.

Game seed: 16005657423205848354

518 Gynju the Shield-Bearer (level 7, -7/44 HPs)
             Began as a Gargoyle Fighter on Aug 2, 2019.
             Was a Follower of Okawaru.
             Killed by divine providence
             ... invoked by an orc priest
              (14 damage)
             ... on level 5 of the Dungeon.
             The game lasted 00:05:44 (4471 turns).

Gynju the Shield-Bearer (Gargoyle Fighter)          Turns: 4471, Time: 00:05:45

Health: -7/44      AC: 14    Str: 21    XL:     7   Next: 21%
Magic:  8/8        EV:  9    Int:  9    God:    Okawaru [*.....]
Gold:   174        SH:  9    Dex:  9    Spells: 6/6 levels left

rFire    x . .     SeeInvis .   a - +0 flail
rCold    + . .     Gourm    .   c - +0 shield
rNeg     + . .     Faith    .   w - +4 ring mail
rPois    ∞         Spirit   .   (no helmet)
rElec    +         Reflect  .   (no cloak)
rCorr    .         Harm     .   (no gloves)
MR       .....                  (no boots)
Stlth    ..........             (no amulet)
HPRegen  0.14/turn              j - ring of ice
MPRegen  0.11/turn              (no ring)

@: no status effects
A: negative energy resistance 1, electricity resistance, unbreathing,
petrification resistance, rot immunity, AC +4
a: Heroism, Renounce Religion


You were on level 5 of the Dungeon.
You worshipped Okawaru.
Okawaru was aware of your devotion.
You were near starving.

You visited 1 branch of the dungeon, and saw 5 of its levels.

You collected 174 gold pieces.

Inventory:

Hand Weapons
 a - a +0 flail (weapon)
Missiles
 v - a throwing net (quivered)
Armour
 c - a +0 shield (worn)
 w - a +4 ring mail (worn)
Jewellery
 j - a ring of ice (left hand)
Wands
 b - a wand of digging (7)
 u - a wand of flame (16)
Scrolls
 e - a scroll of amnesia {unknown}
 i - 4 scrolls of magic mapping {unknown}
 k - a scroll of random uselessness {unknown}
 l - 3 scrolls of remove curse {unknown}
 n - 2 scrolls of enchant weapon {unknown}
 o - 5 scrolls of identify {unknown}
 p - a scroll of fog {unknown}
 q - a scroll of enchant armour {unknown}
 s - 4 scrolls of teleportation {unknown}
Potions
 d - a potion of might
 g - a potion of curing {unknown}
 h - a potion of heal wounds {unknown}
 m - a potion of flight {unknown}
 r - a potion of ambrosia {unknown}
 t - a potion of resistance {unknown}
Comestibles
 f - 13 rations


   Skills:
 + Level 4.5 Fighting
 * Level 4.5 Maces & Flails
 + Level 4.6 Armour
 + Level 1.5 Dodging
 + Level 4.6 Shields
 + Level 2.4 Invocations


You had 6 spell levels left.
You didn't know any spells.
Your spell library was empty.

Dungeon Overview and Level Annotations

Branches:
Dungeon (5/15)
 Temple: D:4-7

Altars:
Cheibriados
Okawaru
Qazlal
Vehumet

Annotations:
D:5 Blork the orc


Innate Abilities, Weirdness & Mutations

You are resistant to torment.
Your stone body is resilient. (AC +4)
You are immune to poison.
You resist negative energy. (rN+)
You are resistant to electric shocks. (rElec)
You can survive without breathing.
You are immune to petrification.
You are immune to rotting.


Message History

Blork the orc gestures wildly while chanting.
Blork the orc seems to speed up.
The orc misses you.
You barely miss the orc priest.
The orc priest is severely wounded.
Blork the orc barely misses you. You block the orc priest's attack.
The orc hits you. You block the orc's attack. Blork the orc misses you.
Your shield and ring mail prevent you from hitting the orc priest.
The orc priest is severely wounded.
The orc priest hits you but does no damage.
The orc closely misses you. Blork the orc closely misses you.
The orc hits you but does no damage. You block the orc priest's attack.
You hit the orc priest.
You kill the orc priest!
Okawaru accepts your kill.
Blork the orc hits you with a +0 halberd!
* * * LOW HITPOINT WARNING * * *
You block the orc's attack.
The orc priest mumbles some strange prayers to Beogh against you.
Beogh smites you!
You die...

# #.# .# # #.# ###.# #
##### #.# ..#.# # #...#
#.# #.#.# #
#...#####.###.#.#
####...........#.#.#
...............#.#.#######
..............ooooo.......
####..........o#@#.#.....
####o..(.......#)#.# ###
................w...
#####.######.#.#.#.#. #..
..#.#.#.#.. #...
...#.#.#.# ##
.........#.#.#o. ........
#.#.### .....###


You could see Blork the orc, a worm, an orc priest and 3 orcs.

Vanquished Creatures
  2 phantoms (D:4)
  2 orc priests
  2 hounds
  2 orc wizards (D:3)
  A hound skeleton (D:4)
  3 gnolls (D:3)
  6 adders
  An ooze (D:3)
  A worm (D:3)
  3 dart slugs
  3 leopard geckos
  6 orcs
  A giant cockroach (D:1)
  5 goblins
  6 hobgoblins
  7 jackals
  A quokka (D:2)
  5 bats
  4 frilled lizards
  A jackal zombie (D:5)
  8 kobolds
  10 rats
80 creatures vanquished.

Notes
Turn   | Place    | Note
-------+----------+-------------------------------------------
     0 | D:1      | Gynju the Gargoyle Fighter began the quest for the Orb.
     0 | D:1      | Reached XP level 1. HP: 14/14 MP: 1/1
   146 | D:1      | Reached XP level 2. HP: 12/19 MP: 2/2
   934 | D:2      | Reached XP level 3. HP: 23/23 MP: 3/3
   951 | D:2      | Found an iron altar of Okawaru.
   993 | D:2      | Became a worshipper of Warmaster Okawaru
  1251 | D:2      | Found a snail-covered altar of Cheibriados.
  1473 | D:3      | Reached XP level 4. HP: 26/29 MP: 4/4
  1716 | D:3      | Reached skill level 1 in Invocations
  2485 | D:3      | Reached XP level 5. HP: 24/33 MP: 5/5
  2640 | D:3      | Found a radiant altar of Vehumet.
  2917 | D:4      | Noticed a phantom
  3009 | D:4      | Found a stormy altar of Qazlal.
  3042 | D:4      | Killed a phantom
  3042 | D:4      | Reached XP level 6. HP: 30/38 MP: 7/7
  3365 | D:3      | Reached skill level 1 in Dodging
  4039 | D:4      | Reached * piety under Okawaru
  4168 | D:4      | Noticed a phantom
  4197 | D:4      | Killed a phantom
  4197 | D:4      | Reached XP level 7. HP: 29/44 MP: 8/8
  4394 | D:5      | Entered Level 5 of the Dungeon
  4435 | D:5      | Noticed Blork the orc
  4471 | D:5      | Killed from afar by an orc priest

Levels and vault maps discovered:
D:1:      psy_arrival_conway, layout_basic, minivault_23
D:2:      layout_basic, okawaru_metal_pillars_3, cheibriados_altar_1
D:3:      layout_loops_corners, vehumet_crystals, serial_glass, glass_columns_a,
          glass_columns_a, due_unseen_surprise, item_on_display_a,
          feat_on_display, feat_on_display
D:4:      layout_cave_pools, kennysheep_mini, minmay_misc_feat_alley,
          chequers_garden, minmay_misc_feat_encased, hangedman_decor_opposing
D:5:      layout_basic, chequers_temple_overflow_statue_of_worship,
          first_ration, minmay_tree_intersection, uniq_blork_the_orc

Skill      XL: |  1  2  3  4  5  6 |
---------------+-------------------+-----
Maces & Flails | 3 4 |  4.5
Invocations    | 1 2 |  2.4
Shields        | 4 |  4.6
Armour         | 4 |  4.6
Fighting       | 4 |  4.5
Dodging        | 1 |  1.5

Action                   |  1- 3 |  4- 6 |  7- 9 || total
-------------------------+-------+-------+-------++-------
Melee: Flail             |   127 |   274 |    22 ||   423
  Eat: Chunk             |     2 |     5 |       ||     7
       Ration            |       |     1 |       ||     1
Armor: Scale mail        |    63 |    64 |       ||   127
       Chain mail        |       |    79 |       ||    79
       Ring mail         |       |    53 |    24 ||    77
Dodge: Dodged            |    44 |   107 |    20 ||   171
Block: Shield            |    78 |   159 |    18 ||   255

Table legend:
 A = Non-vault XP
 B = Vault XP
 C = Vault XP percentage of total XP
 D = Non-vault monster count
 E = Vault monster count
 F = Vault count percentage of total count
                 A         B        C        D         E       F
            +---------+---------+-------+---------+---------+-------
      Total |     741 |       0 |   0.0 |      80 |       0 |   0.0
            +---------+---------+-------+---------+---------+-------
        D:1 |      32 |       0 |   0.0 |      20 |       0 |   0.0
        D:2 |      46 |       0 |   0.0 |      18 |       0 |   0.0
        D:3 |     179 |       0 |   0.0 |      29 |       0 |   0.0
        D:4 |     392 |       0 |   0.0 |       9 |       0 |   0.0
        D:5 |      92 |       0 |   0.0 |       4 |       0 |   0.0
            +---------+---------+-------+---------+---------+-------
